Unix NetHack Version 5.0.0-0 post-release - last build May 31 2026 23:59:36 (970b52f25bf058293b47ddfd14a1e40e571c508c,branch:main).

Game began 2026-06-04 16:12:40, ended 2026-06-04 16:31:56.

Drastanta, neutral male gnomish Wizard

                                                                  ----#---
                               ##                                 -...^.!|
            ---------        ###--------------                    |....&.|
            |.......-######### #-............|                    |......|
            |{......|          #|............|                    |......|
            |...(...|           |............|                    |.`....|
         ###........|           |............|                    ---.----
         #  ------|--           |.............#                      #
         #        #             --------------##                     ##
         #        #                            ##                     #
         #        #                             ##                    #
         #        ##                             #-------------.-     #
 --------#         ###                           #|.............-*    #%
 |%.%().-)      -----.-+--                       #|%............|#    -)----
 |/[.[(.|       |.....<...                       #..............|#    |....|
 |.)?...|       |........|                        ---------------*####.....|
 --------       |......[.|                                            |.>..|
                |........|                                            |....|
                ----------                                            ------

Drastanta the Conjurer    St:10 Dx:14 Co:14 In:16 Wi:11 Ch:8  Neutral
Dlvl:4  $:121 HP:0(21) Pw:20(30) AC:9  Xp:3 T:2113  TermIll Burdened

Latest messages:
 There is a black flash as a yellow potion hits the altar.
 A yellow potion lands on the altar.
 A copper wand lands on the altar.
 A wand of light lands on the altar.
 A blindfold lands on the altar.
 You have a little trouble lifting s - 4 uncursed food rations.
 K - a cursed fortune cookie.
 t - an uncursed lembas wafer.
 N - an uncursed scroll labeled PRIRUTSENIE.
 Q - a cursed scroll labeled PRIRUTSENIE.
 q - an uncursed scroll labeled VENZAR BORGAVVE.
 P - 2 uncursed scrolls labeled VERR YED HORRE.
 R - a blessed scroll labeled ZELGO MER.
 o - an uncursed dark blue spellbook.
 M - an uncursed yellow potion.
 r - a cursed yellow potion.
 S - an uncursed copper wand.
 u - an uncursed wand of light.
 J - an uncursed blindfold.
 You have a little trouble lifting $ - 2 gold pieces (121 in total).
 A board beneath you squeaks a D flat loudly.
 You drop a cursed fortune cookie.
 You drop a cursed scroll labeled PRIRUTSENIE.
 You drop a cursed yellow potion.
 You see here a gnome corpse.
 You have much trouble lifting a gnome corpse.  Continue? [ynq] (q) y
 You have much trouble lifting T - a gnome corpse.
 You stagger under your heavy load.  Movement is very hard.
 You hear a gurgling noise.
 What do you want to sacrifice? [T or ?*] T
 You'll regret this infamous offense!
 The blood floods the altar, which vanishes in a black cloud!
 You have summoned Juiblex!
 You are terrified, and unable to move.
 The voice of Thoth booms: 
 "Thou art arrogant, mortal."
 "Thou must relearn thy lessons!"
 You feel foolish!
 Goodbye level 4.
 Your movements are only slowed slightly by your load.
 Juiblex drinks a pink potion!
 Suddenly you cannot see Juiblex.
 You can move again.
 You miss it.
 You miss it.
 It engulfs you!
 You feel deathly sick.
 You die...
 Do you want your possessions identified? [ynq] (y) y
 Do you want to see your attributes? [ynq] (y) q

Inventory:
 Coins    ('$')
  $ - 121 gold pieces
 Weapons  (')')
  a - a blessed +1 quarterstaff (weapon in hands)
 Armor    ('[')
  b - an uncursed +0 cloak of magic resistance (being worn)
 Comestibles  ('%')
  s - 4 uncursed food rations
  t - an uncursed lembas wafer
 Scrolls  ('?')
  P - 2 uncursed scrolls of destroy armor
  R - a blessed scroll of enchant weapon
  p - a blessed scroll of food detection
  j - an uncursed scroll of genocide
  L - an uncursed scroll of magic mapping
  k - an uncursed scroll of punishment
  q - an uncursed scroll of remove curse
  N - an uncursed scroll of teleportation
 Spellbooks  ('+')
  m - an uncursed spellbook of clairvoyance
  l - a blessed spellbook of force bolt
  o - an uncursed spellbook of turn undead
 Potions  ('!')
  g - an uncursed potion of gain energy
  M - an uncursed potion of healing
  f - an uncursed potion of oil
  h - an uncursed potion of water
 Rings    ('=')
  d - an uncursed +1 ring of increase accuracy (on left hand)
  e - an uncursed ring of slow digestion (on right hand)
 Wands    ('/')
  u - a wand of light (0:13)
  c - a wand of light (0:12)
  S - a wand of slow monster (0:6)
 Tools    ('(')
  J - an uncursed blindfold
  n - a magic marker (0:21)
 Gems/Stones  ('*')
  O - a cursed loadstone

Drastanta the Wizard's attributes:

Background:
 You were a Conjurer, a level 3 male gnomish Wizard.
 You were neutral, on a mission for Thoth
 who was opposed by Ptah (lawful) and Anhur (chaotic).
 You were right-handed.
 You were in the Dungeons of Doom, on level 4.
 You entered the dungeon 2113 turns ago.
 You had 79 experience points, 1 more was needed to attain level 4.

Basics:
 You had 0 out of 21 hit points.
 You had 20 out of 30 energy points (spell power).
 Your armor class was 9.
 Your wallet contained 121 zorkmids.
 Autopickup was on for '$' plus thrown.

Final Characteristics:
 Your strength was 10 (limit:18/50).
 Your dexterity was 14 (limit:18).
 Your constitution was 14 (limit:18).
 Your intelligence was 16 (limit:19).
 Your wisdom was 11 (peak:13, limit:18).
 Your charisma was 8 (limit:18).

Final Status:
 You were terminally sick from illness.
 You were engulfed by Juiblex.
 You weren't hungry.
 You were burdened; movement was slightly slowed.
 You were wielding a quarterstaff.
 You had basic skill with quarterstaff.

Final Attributes:
 You were devoutly aligned.
 You were magic-protected.
 You were telepathic.
 You had infravision.
 You had slower digestion.
 You had a small bonus to hit (+1).
 You were warded.
 You were very unlucky.
 Thoth was angry with you.
 You are dead.

Miscellaneous:
 You didn't encounter any bones levels.
 Total elapsed playing time was 19 minutes and 15 seconds.

Major events:
 Turn
    1: Drastanta the neutral male gnomish Wizard entered the dungeon
 1352: attained the rank of Conjurer (level 3)
 2113: killed by invisible Juiblex

Spells:
 Name                 Level Category     Fail Retention
 force bolt             1   attack         0%   81%-90%
 clairvoyance           3   divination    96%  76%-100%

Skills:
 Fighting Skills
   bare handed combat [Unskilled]
   riding             [Unskilled]
 Weapon Skills
   dagger             [Unskilled]
   knife              [Unskilled]
   axe                [Unskilled]
   short sword        [Unskilled]
   club               [Unskilled]
   mace               [Unskilled]
   quarterstaff       [Basic]
   polearms           [Unskilled]
   spear              [Unskilled]
   trident            [Unskilled]
   sling              [Unskilled]
   dart               [Unskilled]
   shuriken           [Unskilled]
 Spellcasting Skills
   attack spells      [Basic]
   healing spells     [Unskilled]
   divination spells  [Unskilled]
   enchantment spells [Basic]
   clerical spells    [Unskilled]
   escape spells      [Unskilled]
   matter spells      [Unskilled]

Voluntary challenges:
 Character rerolling was not enabled.
 You never genocided any monsters.
 You never polymorphed an object.
 You never changed form.
 You used no wishes.
Achievements:
 You entered a shop.
 You attained the rank of Conjurer.

 The Dungeons of Doom: levels 1 to 4
    Level 1:
    Level 2:
       A weapon shop, a fountain.
    Level 3:
       A fountain, a sink.
    Level 4: <- You were here.
       A general store, a sink.
       Final resting place for
          you, killed by invisible Juiblex.


Vanquished creatures:
  a small mimic
  2 floating eyes
  2 kobold leaders
  2 iguanas
 an acid blob
  a hobbit
  a yellow mold
  a gnome zombie
  2 geckos
  5 jackals
  2 foxes
  2 kobolds
  a goblin
  a sewer rat
  9 grid bugs
  a lichen
  2 kobold zombies
  5 newts
41 creatures vanquished.

No species were genocided or became extinct.

Game over:
                       ----------
                      /          \
                     /    REST    \
                    /      IN      \
                   /     PEACE      \
                  /                  \
                  |    Drastanta     |
                  |      121 Au      |
                  |    killed by     |
                  |    invisible     |
                  |     Juiblex      |
                  |                  |
                  |       2026       |
                 *|     *  *  *      | *
        _________)/\\_//(\/(/\)/\//\/|_)_______

Goodbye Drastanta the Wizard...

You died in The Dungeons of Doom on dungeon level 4 with 827 points,
and 121 pieces of gold, after 2113 moves.
You were level 3 with a maximum of 21 hit points when you died.

